 Dungeon Crawl Stone Soup version 0.30.0-10-gfe55d96785 (webtiles) character file.

Game seed: 799143718466204066

349 qw the Chopper (level 6, -1/38 HPs)
             Began as a Gargoyle Cinder Acolyte on May 17, 2023.
             Was an Elder of Ignis.
             Slain by Duvessa
             ... wielding a +0 short sword
              (8 damage)
             ... on level 3 of the Dungeon.
             The game lasted 00:02:07 (3112 turns).

qw the Chopper (Gargoyle Cinder Acolyte)            Turns: 3112, Time: 00:02:07

Health: -1/38      AC: 20    Str: 20    XL:     6   Next: 60%
Magic:  7/7        EV:  7    Int: 14    God:    Ignis [****..]
Gold:   215        SH:  3    Dex:  5    Spells: 7/7 levels left

rFire   + . .        Y - +0 hand axe (flame)
rCold   . . .        e - +0 buckler
rNeg    + . .        d - +0 chain mail
rPois   inf          (no helmet)
rElec   +            (no cloak)
rCorr   .            (no gloves)
SInv    .            (no boots)
Will    .....        (no amulet) Stlth
                     (no ring)
HPRegen 0.26/turn    (no ring)
MPRegen 0.10/turn

%: no passive effects
@: about to teleport, fiery-armoured
A: sickness immunity, AC +4, negative energy resistance 1, electricity
resistance, torment resistance 1, petrification resistance
a: Renounce Religion, Fiery Armour, Foxfire Swarm, Rising Flame


You were on level 3 of the Dungeon.
You worshipped Ignis.
Ignis was greatly pleased with you.
You visited 1 branch of the dungeon, and saw 4 of its levels.
You also visited: Sewer.

You collected 215 gold pieces.


Innate Abilities, Weirdness & Mutations

You are immune to sickness and miasma.
Your stone body is resilient. (AC +4)
You are immune to poison.
You resist negative energy. (rN+)
You are resistant to electric shocks. (rElec)
You are resistant to unholy torment.
You are immune to petrification.


   Skills:
 - Level 4.0 Fighting
 + Level 5.6 Axes
 - Level 2.0 Armour
 - Level 2.0 Shields
 - Level 1.0 Spellcasting
 - Level 3.0 Fire Magic


You had 7 spell levels left.
You didn't know any spells.
Your spell library contained the following spells:

 Spells                   Type           Power      Damage    Failure   Level
 Scorch                   Fire           18%        2d6       75%         2

Inventory:

Hand Weapons
 Y - a +0 hand axe of flaming (weapon)
Armour
 d - a +0 chain mail (worn)
 e - a +0 buckler (worn)
Scrolls
 a - a scroll of identify
 l - 6 scrolls of teleportation
Potions
 f - a potion of resistance
 g - a potion of curing
 h - a potion of might
 i - a potion of heal wounds {unknown}

Dungeon Overview and Level Annotations

Branches:
Dungeon (4/15)              Sewer (visited)
 Temple: D:4-7

Altars:
Makhleb
Wu Jian

Annotations:
D:3 Duvessa


Message History

You barely miss Duvessa.
Duvessa is lightly wounded.
Duvessa hits you with a +0 short sword.
Duvessa is burned by your cloak of flames.
Duvessa is lightly wounded.
Duvessa hits you but does no damage.
You barely miss Duvessa.
Duvessa is lightly wounded.
Duvessa hits you but does no damage.
Duvessa is burned by your cloak of flames.
Duvessa is moderately wounded.
You hit Duvessa. You burn Duvessa.
Duvessa is moderately wounded.
Duvessa hits you but does no damage. You block Duvessa's attack.
You hit Duvessa but do no damage.
Duvessa is moderately wounded.
Duvessa hits you but does no damage.
Duvessa is burned by your cloak of flames.
Duvessa is moderately wounded.
Duvessa hits you but does no damage.
Duvessa is burned by your cloak of flames.
Duvessa is heavily wounded.
You barely miss Duvessa.
Duvessa is heavily wounded.
Duvessa hits you with a +0 short sword!
Duvessa is burned by your cloak of flames.
Duvessa is heavily wounded.
3110 ||| READING 7 scrolls of teleportation.
As you read the scroll of teleportation, it crumbles to dust.
You feel strangely unstable. Duvessa barely misses you.
Duvessa hits you but does no damage.
You hit Duvessa. You burn Duvessa.
Duvessa is severely wounded.
Duvessa hits you but does no damage.
Duvessa is burned by your cloak of flames.
Duvessa is severely wounded.
You hit Duvessa. You burn Duvessa.
Duvessa is almost dead.
Duvessa hits you with a +0 short sword!
You die...

##########..# #..# #..# #..#
############## #..#
...##........# #..#
.7..#........# ######..#
.............########.......#
...7...........%@e.........###
<.............#######.#......#
...7..........# #.#.####.#
.............## #.#.# #.#
.7..#........# #.#.# #.#
...##........# #.#.# #.#
.#########'### #.#.# #.# .#
#...# #.#.# #.# .# ###.###
#.#.####.##


You could see Duvessa (berserk, fast).

Vanquished Creatures
  Dowan (D:4)
  Natasha (D:3)
  A sickly merfolk siren (Sewer)
  A malarious merfolk avatar (Sewer)
  15 adders
  A worm (D:2)
  4 bats
  3 endoplasms
  4 giant cockroaches
  8 goblins
  8 hobgoblins
  2 quokkas
  17 ball pythons
  13 frilled lizards
  3 kobolds
  30 rats
112 creatures vanquished.

Notes
Turn   | Place    | Note
-------+----------+-------------------------------------------
     0 | D:1      | qw the Gargoyle Cinder Acolyte began the quest for the Orb.
     0 | D:1      | Reached XP level 1. HP: 14/14 MP: 2/2
     0 | D:1      | 0 ||| qw: Version: 0.2-a-95-g4c1bab1
     0 | D:1      | 0 ||| qw: Game counter: 143
     0 | D:1      | 0 ||| qw: Always use a shield: true
     0 | D:1      | 0 ||| qw: God list: Okawaru
     0 | D:1      | 0 ||| qw: Allow faded altars: false
     0 | D:1      | 0 ||| qw: Do Orc after D:15 true
     0 | D:1      | 0 ||| qw: Do second Lair branch before Depths: true
     0 | D:1      | 0 ||| qw: Lair rune preference: random
     0 | D:1      | 0 ||| qw: Plans: Normal
     0 | D:1      | 0 ||| PLANNING D:1-11
    64 | D:1      | 64 ||| INVOKING Fiery Armour.
    67 | D:1      | Reached skill level 3 in Axes
    68 | D:1      | Reached XP level 2. HP: 16/19 MP: 3/3
   255 | D:1      | 255 ||| Stepping ~*~*~tactically~*~*~ (stealth).
   270 | D:1      | 270 ||| Stepping ~*~*~tactically~*~*~ (stealth).
   328 | D:1      | 328 ||| Stepping ~*~*~tactically~*~*~ (stealth).
   340 | D:1      | Reached XP level 3. HP: 20/23 MP: 4/4
   746 | D:1      | 746 ||| Stepping ~*~*~tactically~*~*~ (stealth).
   788 | D:1      | 788 ||| Stepping ~*~*~tactically~*~*~ (stealth).
   791 | D:1      | 791 ||| Stepping ~*~*~tactically~*~*~ (stealth).
   792 | D:1      | 792 ||| Stepping ~*~*~tactically~*~*~ (stealth).
   799 | D:1      | 799 ||| Stepping ~*~*~tactically~*~*~ (stealth).
   800 | D:1      | 800 ||| Stepping ~*~*~tactically~*~*~ (stealth).
   943 | D:1      | 943 ||| DROPPING ring of flight.
   944 | D:1      | 944 ||| READING scroll labelled OHUNKIAMED.
   945 | D:1      | 945 ||| READING scroll labelled YDDUVU FALI.
   946 | D:1      | 946 ||| READING scroll labelled ODAM PAJABI.
   947 | D:1      | 947 ||| READING scroll labelled OBBESCHE ENLIMP.
   948 | D:1      | 948 ||| READING scroll labelled LAXAFE JAHATH.
   949 | D:1      | 949 ||| READING 3 scrolls labelled LEUVUESTOX.
   952 | D:1      | 952 ||| READING scroll labelled URORCH GO MEFAI.
   953 | D:1      | 953 ||| DRINKING 2 smoky yellow potions.
   994 | D:1      | 994 ||| DROPPING potion of lignification.
  1104 | D:2      | Reached skill level 4 in Axes
  1131 | D:2      | 1131 ||| Stepping ~*~*~tactically~*~*~ (stealth).
  1134 | D:2      | Found a faded altar of an unknown god.
  1190 | D:2      | Reached XP level 4. HP: 28/28 MP: 5/5
  1558 | D:2      | 1558 ||| DRINKING 2 emerald potions.
  1559 | D:2      | 1559 ||| READING 2 scrolls of identify.
  1559 | D:2      | 1559 ||| IDENTIFYING puce potion
  1560 | D:2      | 1560 ||| DROPPING potion of attraction.
  1592 | D:3      | 1592 ||| PLANNING SEWER
  1866 | D:3      | 1866 ||| Stepping ~*~*~tactically~*~*~ (stealth).
  1877 | D:3      | 1877 ||| Stepping ~*~*~tactically~*~*~ (stealth).
  1951 | D:3      | Reached skill level 5 in Axes
  1977 | D:3      | Reached XP level 5. HP: 29/32 MP: 6/6
  1991 | D:3      | Found an ornate altar of the Wu Jian Council.
  2053 | D:3      | 2053 ||| Stepping ~*~*~tactically~*~*~ (stealth).
  2103 | D:3      | 2103 ||| Stepping ~*~*~tactically~*~*~ (stealth).
  2104 | D:3      | 2104 ||| Stepping ~*~*~tactically~*~*~ (stealth).
  2109 | D:3      | 2109 ||| Stepping ~*~*~tactically~*~*~ (stealth).
  2112 | D:3      | 2112 ||| Stepping ~*~*~tactically~*~*~ (stealth).
  2129 | D:3      | Found a glowing drain.
  2130 | D:3      | 2130 ||| UPGRADING to +0 ring mail.
  2140 | D:3      | 2140 ||| DROPPING +0 robe.
  2141 | D:3      | 2141 ||| UPGRADING to +0 chain mail.
  2151 | D:3      | 2151 ||| DROPPING +0 ring mail.
  2152 | D:3      | 2152 ||| UPGRADING to +0 buckler.
  2157 | D:3      | 2157 ||| READING 2 scrolls of identify.
  2157 | D:3      | 2157 ||| IDENTIFYING grey potion
  2165 | Sewer    | Entered a sewer
  2275 | Sewer    | 2275 ||| Stepping randomly (stuck).
  2298 | Sewer    | Reached skill level 1 in Shields
  2316 | Sewer    | Reached skill level 1 in Armour
  2407 | Sewer    | 2407 ||| Stepping randomly (stuck).
  2424 | Sewer    | 2424 ||| Stepping randomly (stuck).
  2454 | Sewer    | 2454 ||| Stepping ~*~*~tactically~*~*~ (stealth).
  2518 | Sewer    | 2518 ||| Stepping ~*~*~tactically~*~*~ (water).
  2540 | Sewer    | 2540 ||| INVOKING Fiery Armour.
  2543 | Sewer    | Reached XP level 6. HP: 36/38 MP: 7/7
  2665 | Sewer    | 2665 ||| DRINKING 2 sedimented emerald potions.
  2716 | D:3      | 2716 ||| PLANNING D:1-11
  2756 | D:3      | Found a burning altar of Makhleb.
  2756 | D:3      | Noticed a balrug
  2773 | D:3      | Noticed Natasha
  2785 | D:3      | Killed Natasha
  3095 | D:4      | Noticed Duvessa
  3095 | D:4      | Noticed Dowan
  3096 | D:4      | 3096 ||| INVOKING Fiery Armour.
  3100 | D:4      | Killed Dowan
  3101 | D:4      | 3101 ||| STAIRDANCE
  3109 | D:3      | HP: 6/38 [Duvessa/+0 short sword (7)]
  3110 | D:3      | 3110 ||| READING 7 scrolls of teleportation.
  3112 | D:3      | Slain by Duvessa

Levels and vault maps discovered:
D:1:      dpeg_arrival_yet_another_circle, layout_basic, st_stairs_1,
          chequers_arboretum
D:2:      layout_rooms, nicolae_ecumenical_snake_handling
D:3:      layout_basic, mainiacjoe_overflow_small_starburst,
          makhleb_altar_promises_db, portal_sewer_entry_b, grunt_ministairs_9,
          uniq_natasha
D:4:      layout_rooms, nzn_overflow_gifts_of_might_and_magic,
          mainiacjoe_overflow_boulevard, gammafunk_ghost_grave, serial_shops,
          kennysheep_little_box, uniq_ijyb, uniq_duvessa

Skill      XL: |  1  2  3  4  5  6 |
---------------+-------------------+-----
Axes           | 3 4 5 |  5.6
Fighting       | 4 |  4.0
Shields        | 2 |  2.0
Armour         | 1 2 |  2.0
Spellcasting   | |  1.0
Fire Magic     | |  3.0

Action                     |  1- 3 |  4- 6 || total
---------------------------+-------+-------++-------
  Melee: Hand axe          |    70 |   282 ||   352
 Invoke: Fiery Armour      |     1 |     2 ||     3
    Use: Scroll            |     7 |     3 ||    10
         Potion            |     1 |     2 ||     3
 Armour: Robe              |    26 |    36 ||    62
         Chain mail        |       |   105 ||   105
  Dodge: Dodged            |    29 |   100 ||   129
  Block: Buckler           |       |    18 ||    18

Table legend:
 A = Non-vault XP
 B = Vault XP
 C = Vault XP percentage of total XP
 D = Non-vault monster count
 E = Vault monster count
 F = Vault count percentage of total count
                 A         B        C        D         E       F
            +---------+---------+-------+---------+---------+-------
      Total |     231 |     268 |  53.7 |      56 |      56 |  50.0
            +---------+---------+-------+---------+---------+-------
        D:1 |      39 |       4 |   9.3 |      25 |       2 |   7.4
        D:2 |      79 |       7 |   8.1 |      19 |       5 |  20.8
        D:3 |     113 |      58 |  33.9 |      12 |       8 |  40.0
        D:4 |       0 |      67 | 100.0 |       0 |       1 | 100.0
      Sewer |       0 |     132 | 100.0 |       0 |      40 | 100.0
            +---------+---------+-------+---------+---------+-------
